 Dungeon Crawl Stone Soup version 0.30-a0-585-g93115170b9 (webtiles) character file.

Game seed: 14316675297048724129

436 Neon14 the Chopper (level 6, -6/48 HPs)
             Began as a Demonspawn Berserker on Jan 3, 2023.
             Was a Believer of Trog.
             Mangled by an orc warrior
             ... wielding a +0 war axe
              (14 damage)
             ... on level 4 of the Dungeon.
             The game lasted 00:10:22 (3428 turns).

Neon14 the Chopper (Demonspawn Berserker)           Turns: 3428, Time: 00:10:23

Health: -6/48      AC:  7    Str: 19    XL:     6   Next: 69%
Magic:  6/6        EV: 10    Int:  8    God:    Trog [**....]
Gold:   181        SH:  0    Dex: 16    Spells: 5/5 levels left

rFire   . . .      SeeInvis .    h - +1 war axe
rCold   . . .      Faith    .    p - +0 buckler
rNeg    . . .      Spirit   .    e - +0 scale mail
rPois   .          Reflect  .    (no helmet)
rElec   .          Harm     .    (cloak unavailable)
rCorr   .          Rampage  .    (no gloves)
Will    .....                    k - -1 pair of boots of Vexation {Regen+ Dex+3 Stlth+} Stlth
                                 (no amulet)
HPRegen 0.28/turn                (no ring)
MPRegen 0.10/turn                (no ring)

@: confused, mighty, on berserk cooldown, slowed, invisible, very slow
A: large bone plates 1, weakness stinger 3
a: Renounce Religion, Berserk, Trog's Hand


You were on level 4 of the Dungeon.
You worshipped Trog.
Trog was pleased with you.
You visited 1 branch of the dungeon, and saw 5 of its levels.

You collected 181 gold pieces.

Inventory:

Hand Weapons
 h - a +1 war axe (weapon)
 m - a +2 flail of venom
Armour
 e - a +0 scale mail (worn)
 i - a scarf of harm
 k - the -1 pair of boots of Vexation (worn) {Regen+ Dex+3 Stlth+}
   (You acquired it on level 5 of the Dungeon)

   Dex:       It affects your dexterity (+3).
   Regen:     It increases your rate of health regeneration.
   Stlth:     It makes you more stealthy.
 p - a +0 buckler (worn)
Scrolls
 a - 4 scrolls of enchant weapon
 d - 3 scrolls of noise
 j - 2 scrolls of teleportation
 q - a scroll of magic mapping {unknown}
 t - a scroll of immolation
 u - a scroll of fear {unknown}
Potions
 b - a potion of might
 c - a potion of haste {unknown}
 g - a potion of heal wounds {unknown}
 o - a potion of lignification
 r - a potion of magic
 s - a potion of attraction


   Skills:
 + Level 4.0 Fighting
 + Level 5.4 Axes
 + Level 3.3 Armour
 + Level 2.4 Dodging
 - Level 0.1 Shields


You had 5 spell levels left.
You didn't know any spells.
Your spell library was empty.

Dungeon Overview and Level Annotations

Branches:
Dungeon (5/15)
 Temple: D:4-7

Altars:
Hepliaklqana
Nemelex Xobeh
Trog
Vehumet
Wu Jian


Innate Abilities, Weirdness & Mutations

You are partially covered in large bone plates. (SH +4)
You have a sharp stinger which inflicts weakening toxins.


Message History

The orc warrior hits you with a +0 war axe.
You closely miss the orc warrior. You miss something. You slash something!
Trog accepts your kill.
Trog appreciates your killing of a magic user.
Reactivating autopickup.
You feel a bit more experienced.
You barely miss the orc warrior. You miss something.
You are no longer berserk.
You are exhausted.
You feel yourself slow down. Something hits you.
Deactivating autopickup; reactivate with Ctrl-A.
The orc warrior barely misses you.
You hit the orc warrior.
The orc warrior is lightly wounded.
You slash something! Something hits you.
The orc warrior hits you with a +0 war axe.
You hear some strange, mumbled words.
A magic dart appears from out of thin air!
The magic dart hits you.
The orc warrior hits you with a +0 war axe.
Okay, then.
Okay, then.
Okay, then.
You fade into invisibility!
Something hits you but does no damage. The orc warrior barely misses you.
Something hits you. The orc warrior closely misses you.
An orc wizard comes into view. It is wielding a +0 dagger.
You block the orc warrior's attack.
There is a stone staircase leading up here.
You hear some strange, mumbled words.
You are confused.
The orc warrior hits you with a +0 war axe!
* * * LOW HITPOINT WARNING * * *
You climb upwards.
Reactivating autopickup.
There is a stone staircase leading down here.
It was a potion of might.
You feel very mighty all of a sudden.
The orc warrior hits you with a +0 war axe!
You die...

.....##.............#
.....##............##
........#..#.....#.####
......###.)#.....####.#
....#.##...........#..##
....#.#................#
..###.###.....#........##
..#.....#.....#..o......#
..#.._..#....##.@.......#
..#.....#..........##.###
..#.###.#..........##.##
..#.#†#.#..............#
..#.###.#..............#
..#.....#.........)...##
..#######.....####...##
..............## #....##
....#..........# #.....##


You could see an orc warrior (unable to see you).

Vanquished Creatures
  A scorpion (D:4)
  2 hounds
  A jelly (D:4)
  Jessica (D:3)
  An iguana (D:4)
  3 orc wizards
  3 gnolls (D:4)
  5 adders
  A white imp (D:4)
  5 worms
  3 dart slugs
  9 orcs
  2 bats
  3 endoplasms
  3 giant cockroaches
  3 goblins
  9 hobgoblins
  6 kobolds
  4 quokkas
  3 ball pythons
  A frilled lizard (D:1)
  A rat (D:1)
70 creatures vanquished.

Vanquished Creatures (others)
  A wizard (D:4)
1 creature vanquished.

Grand Total: 71 creatures vanquished

Notes
Turn   | Place    | Note
-------+----------+-------------------------------------------
     0 | D:1      | Neon14 the Demonspawn Berserker began the quest for the
                  | Orb.
     0 | D:1      | Reached XP level 1. HP: 18/18 MP: 1/1
   184 | D:1      | Found a faded altar of an unknown god.
   240 | D:1      | Gained mutation: You have a small tail. [demonic ancestry]
   240 | D:1      | Reached XP level 2. HP: 24/24 MP: 2/2
   289 | D:1      | Reached skill level 3 in Axes
   958 | D:2      | Gained mutation: You are partially covered in large bone
                  | plates. (SH +4) [demonic ancestry]
   958 | D:2      | Reached XP level 3. HP: 29/29 MP: 3/3
  1709 | D:3      | Gained mutation: You have a tail ending in a sharp stinger.
                  | [demonic ancestry]
  1709 | D:3      | Reached XP level 4. HP: 35/35 MP: 4/4
  1742 | D:3      | Found a sparkling altar of Nemelex Xobeh.
  1973 | D:3      | Noticed Jessica
  1979 | D:3      | Killed Jessica
  1980 | D:3      | Reached skill level 4 in Axes
  2130 | D:3      | Reached ** piety under Trog
  2222 | D:4      | Gained mutation: You have a sharp stinger which inflicts
                  | weakening toxins. [demonic ancestry]
  2222 | D:4      | Reached XP level 5. HP: 8/42 MP: 5/5
  2700 | D:4      | Reached skill level 5 in Axes
  2700 | D:4      | Reached XP level 6. HP: 48/48 MP: 6/6
  2751 | D:4      | HP: 1/48 [white imp/puff of frost (13)]
  2758 | D:4      | HP: 1/48 [iguana (9)]
  3031 | D:4      | Found a radiant altar of Vehumet.
  3081 | D:4      | Found a hazy altar of Hepliaklqana.
  3117 | D:4      | Found an ornate altar of the Wu Jian Council.
  3249 | D:4      | Found a bloodstained altar of Trog.
  3340 | D:4      | Noticed a wizard
  3343 | D:4      | Killed a wizard
  3371 | D:5      | Entered Level 5 of the Dungeon
  3388 | D:5      | Identified a scroll of acquirement
  3388 | D:5      | Acquired the -1 pair of boots of Vexation {Regen+ Dex+3
                  | Stlth+}
  3399 | D:5      | Noticed an orc warrior
  3428 | D:4      | Mangled by an orc warrior

Illustrated notes

Levels and vault maps discovered:
D:1:      dpeg_arrival_arbitrary_c, layout_loops_ring,
          dreamdust_ecumenical_altar_angels_and_demons, hangedman_feature_mirror
D:2:      wander_river, layout_basic
D:3:      layout_basic, mainiacjoe_overflow_24_doors, hangedman_decor_push,
          nrook_mini_vaults, uniq_jessica
D:4:      layout_cave_pools, nzn_wu_jian_council_hall, trog_wizard,
          mainiacjoe_overflow_paths, nicolae_vehumet_radiance,
          hangedman_decor_peaks_small, nicolae_figureground_sparkle
D:5:      layout_cave_pools, nicolae_dithmenos_the_darkroom,
          minmay_temple_entry_water_ring

Skill      XL: |  1  2  3  4  5  6 |
---------------+-------------------+-----
Axes           | 3 4 5 |  5.4
Armour         | 2 3 |  3.3
Dodging        | 2 |  2.4
Fighting       | 4 |  4.0
Shields        | |  0.1

Action                   |  1- 3 |  4- 6 || total
-------------------------+-------+-------++-------
Melee: Hand axe          |    38 |       ||    38
       War axe           |    52 |   104 ||   156
       Tailslap          |     8 |     7 ||    15
Invok: Berserk           |     1 |     4 ||     5
  Use: Scroll            |       |    14 ||    14
       Potion            |       |     8 ||     8
Armor: Scale mail        |    39 |    43 ||    82
Dodge: Dodged            |    36 |    51 ||    87
Block: Buckler           |     5 |    45 ||    50
       Other             |     2 |       ||     2

Table legend: (Time is in decaauts)
 A = Elapsed time spent in this place.
 B = Non-inter-level travel time spent in this place.
 C = Inter-level travel time spent in this place.
 D = Time resting spent in this place.
 E = Time spent auto-exploring this place.
 F = Levels seen in this place.
 G = Mean time per level.
                   A        B        C        D        E       F      G
               +--------+--------+--------+--------+--------+-----+--------+
         Total |   3533 |   3398 |    135 |    508 |   2295 |   5 |  706.6 |
       Dungeon |   3533 |   3398 |    135 |    508 |   2295 |   5 |  706.6 |
               +--------+--------+--------+--------+--------+-----+--------+

Top non-repeatable levels by time:
     D:4: 1215 daAuts
     D:1: 835 daAuts
     D:2: 792 daAuts
     D:3: 632 daAuts
     D:5: 57 daAuts
